IL
TOLEDO MUD HENS @ OMAHA STORM CHASERS
09/19/2049
 
TOP OF THE 1ST
Toledo Mud Hens batting - Pitching for Omaha Storm Chasers : RHP Junsuke Abe
Pitching: RHP Junsuke Abe
Batting: RHB Brandon O'Malley 0-0: Foul Ball, location: 2F
0-1: SINGLE (Groundball, 6, EV 98.1 MPH)
Batting: RHB Willis Morales 0-0: Ball
1-0: Called Strike
1-1: Ball
2-1: Called Strike
2-2: Ball
3-2: Base on Balls
Brandon O'Malley to second
Batting: RHB Trevor Mock 0-0: Ball
1-0: Foul Ball, location: 2F
1-1: Called Strike
1-2: Ball
2-2: Ball
3-2: Strikes out swinging
Batting: RHB John Evancho 0-0: SINGLE (Flyball, 56D, EV 95.0 MPH)
Brandon O'Malley to third
Willis Morales to second
Batting: RHB Tony Soto 0-0: SINGLE (Line Drive, 89S, EV 99.4 MPH)
Brandon O'Malley scores
Willis Morales to third
John Evancho to second
Runner from 3rd tries for Home, throw by CF and OUT! 8-2
Batting: RHB Adam MacConnell 0-0: Ball
1-0: Fly out, F8 (Flyball, 8RD, EV 93.8 MPH)
Top of the 1st over - 1 run, 3 hits, 0 errors, 2 left on base; Toledo 1 - Omaha 0
BOTTOM OF THE 1ST
Omaha Storm Chasers batting - Pitching for Toledo Mud Hens : RHP Chris McCurdy
Pitching: RHP Chris McCurdy
Batting: RHB Kevin Wimberly 0-0: Fly out, F7 (Line Drive, 7S, EV 86.2 MPH)
Batting: SHB Ryoji Hiraoka 0-0: Foul Ball, location: 2F
0-1: Ball
1-1: Ball
2-1: Ground out 1-3 (Groundball, 13S, EV 73.8 MPH)
Batting: LHB Bill Baconneck 0-0: Called Strike
0-1: Foul Ball, location: 2F
0-2: Ball
1-2: Ball
2-2: Foul Ball, location: 2F
2-2: Foul Ball, location: 2F
2-2: Foul Ball, location: 2F
2-2: Ball
3-2: SINGLE (Groundball, 4MD, EV 101.2 MPH)
Batting: RHB Kazuki Arai 0-0: Ball
1-0: Called Strike
1-1: Ball
2-1: Foul Ball, location: 2F
2-2: Foul Ball, location: 2F
2-2: Ball
3-2: SINGLE (Groundball, 13S, EV 68.8 MPH) (infield hit)
Bill Baconneck to second
Batting: SHB Mike Williams 0-0: Foul Ball, location: 2F
0-1: Ball
1-1: Swinging Strike
1-2: SINGLE (Line Drive, 8LS, EV 108.1 MPH)
Bill Baconneck to third
Kazuki Arai to second
Runner from 3rd tries for Home, SAFE, throw by CF to home
Batting: RHB Taisei Fujii 0-0: Swinging Strike
0-1: Ball
1-1: Called Strike
1-2: Strikes out swinging
Bottom of the 1st over - 1 run, 3 hits, 0 errors, 2 left on base; Toledo 1 - Omaha 1
TOP OF THE 2ND
Toledo Mud Hens batting - Pitching for Omaha Storm Chasers : RHP Junsuke Abe
Batting: RHB Eric Garrett 0-0: Called Strike
0-1: Swinging Strike
0-2: Ball
1-2: Strikes out swinging
Batting: RHB Benny O'Connor 0-0: Ball
1-0: Called Strike
1-1: Fly out, F9 (Flyball, 9, EV 88.1 MPH)
Batting: SHB Scott Bartholomew 0-0: Ball
1-0: Ground out 4-3 (Groundball, 4, EV 78.8 MPH)
Top of the 2nd over - 0 runs, 0 hits, 0 errors, 0 left on base; Toledo 1 - Omaha 1
BOTTOM OF THE 2ND
Omaha Storm Chasers batting - Pitching for Toledo Mud Hens : RHP Chris McCurdy
Batting: SHB Bill Ertl 0-0: Called Strike
0-1: Ground out U3 (Groundball, 3L, EV 76.2 MPH)
Batting: RHB Ken Postlethwaite 0-0: Ball
1-0: Ball
2-0: Called Strike
2-1: Foul Ball, location: 2F
2-2: Strikes out swinging, 2-3 out at first.
Batting: RHB Justin Goff 0-0: Called Strike
0-1: Ground out U3 (Groundball, 34, EV 90.6 MPH)
Bottom of the 2nd over - 0 runs, 0 hits, 0 errors, 0 left on base; Toledo 1 - Omaha 1
TOP OF THE 3RD
Toledo Mud Hens batting - Pitching for Omaha Storm Chasers : RHP Junsuke Abe
Batting: RHB Brandon O'Malley 0-0: Foul Ball, location: 2F
0-1: Swinging Strike
0-2: Ball
1-2: Ball
2-2: Ball
3-2: Ground out 1-3 (Groundball, 15S, EV 68.8 MPH)
Batting: RHB Willis Morales 0-0: Ball
1-0: Ball
2-0: Ball
3-0: Called Strike
3-1: Base on Balls
Batting: RHB Trevor Mock 0-0: Ball
Willis Morales is caught stealing 2nd base 2-4
1-0: Ball
2-0: Foul Ball, location: 2F
2-1: SOLO HOME RUN (Flyball, 78XD, EV 103.1 MPH), Distance : 401 ft
Batting: RHB John Evancho 0-0: Ball
1-0: Foul Ball, location: 2F
1-1: Ball
2-1: Foul Ball, location: 2F
2-2: Fly out, F7 (Flyball, 7D, EV 100.0 MPH)
Top of the 3rd over - 1 run, 1 hit, 0 errors, 0 left on base; Toledo 2 - Omaha 1
BOTTOM OF THE 3RD
Omaha Storm Chasers batting - Pitching for Toledo Mud Hens : RHP Chris McCurdy
Batting: RHB Kevin Wimberly 0-0: Foul Ball, location: 2F
0-1: Ball
1-1: Fly out, F5 (Popup, 56S, EV 83.1 MPH)
Batting: SHB Ryoji Hiraoka 0-0: Ball
1-0: Ball
2-0: Fly out, F8 (Flyball, 8RS, EV 96.2 MPH)
Batting: LHB Bill Baconneck 0-0: Foul Ball, location: 2F
0-1: Fly out, F9 (Flyball, 89S, EV 79.4 MPH)
Bottom of the 3rd over - 0 runs, 0 hits, 0 errors, 0 left on base; Toledo 2 - Omaha 1
TOP OF THE 4TH
Toledo Mud Hens batting - Pitching for Omaha Storm Chasers : RHP Junsuke Abe
Batting: RHB Tony Soto 0-0: Ball
1-0: Ground out 6-3 (Groundball, 6, EV 85.6 MPH)
Batting: RHB Adam MacConnell 0-0: DOUBLE (Line Drive, 9LM, EV 100.0 MPH)
Batting: RHB Eric Garrett 0-0: Ground out 6-3 (Groundball, 56, EV 101.9 MPH)
Batting: RHB Benny O'Connor 0-0: DOUBLE (Line Drive, 8RXD, EV 105.6 MPH)
Adam MacConnell scores
Batting: SHB Scott Bartholomew 0-0: Swinging Strike
0-1: Swinging Strike
0-2: Foul Ball, location: 2F
0-2: Ball
1-2: Foul Ball, location: 2F
1-2: Strikes out swinging
Top of the 4th over - 1 run, 2 hits, 0 errors, 1 left on base; Toledo 3 - Omaha 1
BOTTOM OF THE 4TH
Omaha Storm Chasers batting - Pitching for Toledo Mud Hens : RHP Chris McCurdy
Batting: RHB Kazuki Arai 0-0: Ball
1-0: Called Strike
1-1: Ball
2-1: Called Strike
2-2: Ball
3-2: Ground out 6-3 (Groundball, 6, EV 90.0 MPH)
Batting: SHB Mike Williams 0-0: Called Strike
0-1: Ball
1-1: Called Strike
1-2: Ball
2-2: Ground out 6-3 (Groundball, 6, EV 81.9 MPH)
Batting: RHB Taisei Fujii 0-0: Ground out 6-3 (Groundball, 6, EV 93.1 MPH)
Bottom of the 4th over - 0 runs, 0 hits, 0 errors, 0 left on base; Toledo 3 - Omaha 1
TOP OF THE 5TH
Toledo Mud Hens batting - Pitching for Omaha Storm Chasers : RHP Junsuke Abe
Batting: RHB Brandon O'Malley 0-0: Called Strike
0-1: Called Strike
0-2: Ball
1-2: Strikes out swinging
Pitching: RHP Ian Current
Batting: RHB Willis Morales 0-0: Called Strike
0-1: Ball
1-1: Ball
2-1: Swinging Strike
2-2: Ball
3-2: Base on Balls
Batting: RHB Trevor Mock 0-0: Ball
1-0: Foul Ball, location: 2F
Pickoff Throw to First - Out! 1-3
1-1: Foul Ball, location: 2F
1-2: Ball
2-2: Ground out 5-3 (Groundball, 5S, EV 63.1 MPH)
Top of the 5th over - 0 runs, 0 hits, 0 errors, 0 left on base; Toledo 3 - Omaha 1
BOTTOM OF THE 5TH
Omaha Storm Chasers batting - Pitching for Toledo Mud Hens : RHP Chris McCurdy
Batting: SHB Bill Ertl 0-0: Ball
1-0: Ground out 6-3 (Groundball, 6D, EV 101.2 MPH)
Batting: RHB Ken Postlethwaite 0-0: Ball
1-0: Foul Ball, location: 2F
1-1: Ground out 1-3 (Groundball, 13S, EV 67.5 MPH)
Batting: RHB Justin Goff 0-0: Called Strike
0-1: Ball
1-1: Fly out, F9 (Line Drive, 9LS, EV 88.8 MPH)
Bottom of the 5th over - 0 runs, 0 hits, 0 errors, 0 left on base; Toledo 3 - Omaha 1
TOP OF THE 6TH
Toledo Mud Hens batting - Pitching for Omaha Storm Chasers : RHP Ian Current
Batting: RHB John Evancho 0-0: Ball
1-0: Ground out U3 (Groundball, 3S, EV 91.9 MPH)
Batting: RHB Tony Soto 0-0: Foul Ball, location: 2F
0-1: Ball
1-1: Called Strike
1-2: Foul Ball, location: 2F
1-2: Foul Ball, location: 2F
1-2: Ground out 4-3 (Groundball, 4, EV 108.1 MPH)
Batting: RHB Adam MacConnell 0-0: Called Strike
0-1: Ball
1-1: Called Strike
1-2: Foul Ball, location: 2F
1-2: Ball
2-2: Ball
3-2: Fly out, F2 (Popup, 23F, EV 92.5 MPH)
Top of the 6th over - 0 runs, 0 hits, 0 errors, 0 left on base; Toledo 3 - Omaha 1
BOTTOM OF THE 6TH
Omaha Storm Chasers batting - Pitching for Toledo Mud Hens : RHP Chris McCurdy
Batting: RHB Kevin Wimberly 0-0: Swinging Strike
0-1: Ball
1-1: Called Strike
1-2: Ball
2-2: Ground out 6-3 (Groundball, 6, EV 83.1 MPH)
Batting: SHB Ryoji Hiraoka 0-0: Ball
1-0: Ball
2-0: Swinging Strike
2-1: Ball
3-1: Base on Balls
Batting: LHB Bill Baconneck 0-0: Ball
1-0: Foul Ball, location: 2F
1-1: Grounds into double play, 5-6-3 (Groundball, 6, EV 104.4 MPH)
Bottom of the 6th over - 0 runs, 0 hits, 0 errors, 0 left on base; Toledo 3 - Omaha 1
TOP OF THE 7TH
Toledo Mud Hens batting - Pitching for Omaha Storm Chasers : RHP Ian Current
Pitching: RHP Greg Sell
Batting: RHB Eric Garrett 0-0: Called Strike
0-1: Foul Ball, location: 2F
0-2: Ball
1-2: Foul Ball, location: 2F
1-2: Strikes out swinging
Batting: RHB Benny O'Connor 0-0: Ball
1-0: Foul Ball, location: 2F
1-1: Ball
2-1: Ball
3-1: Ground out 2-3 (Groundball, 15S, EV 70.0 MPH)
Batting: SHB Scott Bartholomew 0-0: Ball
1-0: Ball
2-0: Ball
3-0: Called Strike
3-1: Base on Balls
Batting: RHB Brandon O'Malley 0-0: Ball
1-0: Ball
2-0: Ball
3-0: Called Strike
3-1: Fielders Choice at 2nd, 6-4 (Groundball, 6, EV 115.6 MPH)
Top of the 7th over - 0 runs, 0 hits, 0 errors, 1 left on base; Toledo 3 - Omaha 1
BOTTOM OF THE 7TH
Omaha Storm Chasers batting - Pitching for Toledo Mud Hens : RHP Chris McCurdy
Pitching: RHP Jerome Stady
Batting: RHB Kazuki Arai 0-0: Ball
1-0: Called Strike
1-1: Called Strike
1-2: Ball
2-2: Ball
3-2: Base on Balls
Batting: SHB Mike Williams 0-0: Ball
1-0: Called Strike
1-1: Foul Ball, location: 2F
1-2: SINGLE (Groundball, 56S, EV 70.6 MPH) (infield hit)
Kazuki Arai to second
DELAY Rain delay of 60 minutes in the 7th inning.
Batting: RHB Taisei Fujii 0-0: Ball
1-0: DOUBLE (Line Drive, 5D, EV 95.0 MPH)
Kazuki Arai scores
Mike Williams to third
Runner from 3rd tries for Home, SAFE, throw by LF to trailing runner, OUT at third! 7-3-5
Batting: SHB Bill Ertl 0-0: Called Strike
0-1: Ball
1-1: Foul Ball, location: 2F
1-2: Foul Ball, location: 2F
1-2: Ball
2-2: Ball
3-2: Strikes out swinging
Batting: RHB Ken Postlethwaite 0-0: Called Strike
0-1: Called Strike
0-2: Ball
1-2: Ball
2-2: Foul Ball, location: 2F
2-2: Ball
3-2: Base on Balls
Batting: RHB Justin Goff 0-0: Called Strike
0-1: Ball
1-1: Ball
2-1: Fly out, F9 (Flyball, 89D, EV 86.9 MPH)
Bottom of the 7th over - 2 runs, 2 hits, 0 errors, 1 left on base; Toledo 3 - Omaha 3
TOP OF THE 8TH
Toledo Mud Hens batting - Pitching for Omaha Storm Chasers : RHP Greg Sell
Pitching: RHP Mike Tuck
Batting: RHB Willis Morales 0-0: Foul Ball, location: 2F
0-1: Ground out 6-3 (Groundball, 6, EV 105.0 MPH)
Batting: RHB Trevor Mock 0-0: SINGLE (Groundball, 56D, EV 101.2 MPH)
Batting: RHB John Evancho 0-0: Ball
1-0: Ball
Trevor Mock steals 2nd base
2-0: Called Strike
2-1: Ball
3-1: Ground out 5-3 (Groundball, 5L, EV 83.1 MPH)
Batting: RHB Tony Soto 0-0: Called Strike
0-1: Ball
1-1: Called Strike
1-2: SINGLE (Groundball, 56D, EV 95.0 MPH)
Trevor Mock to third
Runner from 3rd tries for Home, SAFE, throw by LF to home
Batting: RHB Adam MacConnell Pickoff Throw to First - Out! 1-3
Top of the 8th over - 1 run, 2 hits, 0 errors, 0 left on base; Toledo 4 - Omaha 3
BOTTOM OF THE 8TH
Omaha Storm Chasers batting - Pitching for Toledo Mud Hens : RHP Jerome Stady
Pitching: RHP Bobby Mott
Batting: RHB Kevin Wimberly 0-0: Foul Ball, location: 2F
0-1: Fly out, F9 (Flyball, 9, EV 87.5 MPH)
Batting: SHB Ryoji Hiraoka 0-0: Foul Ball, location: 2F
0-1: Ball
1-1: Ball
2-1: Reached on error, E4 (Groundball, 4, EV 81.9 MPH)
Batting: LHB Bill Baconneck 0-0: Ball
1-0: Ball
2-0: Called Strike
2-1: Ball
3-1: Foul Ball, location: 2F
3-2: Fielders Choice at 2nd, 3-6 (Groundball, 3, EV 80.0 MPH)
Batting: RHB Kazuki Arai 0-0: Fly out, F3 (Popup, 3, EV 66.2 MPH)
Bottom of the 8th over - 0 runs, 0 hits, 1 error, 1 left on base; Toledo 4 - Omaha 3
TOP OF THE 9TH
Toledo Mud Hens batting - Pitching for Omaha Storm Chasers : RHP Mike Tuck
Batting: RHB Adam MacConnell 0-0: Ground out 6-3 (Groundball, 6S, EV 62.5 MPH)
Batting: RHB Eric Garrett 0-0: Called Strike
0-1: Ground out U3 (Groundball, 3, EV 91.2 MPH)
Batting: RHB Benny O'Connor 0-0: Called Strike
0-1: Foul Ball, location: 2F
0-2: Ball
1-2: Strikes out looking
Top of the 9th over - 0 runs, 0 hits, 0 errors, 0 left on base; Toledo 4 - Omaha 3
BOTTOM OF THE 9TH
Omaha Storm Chasers batting - Pitching for Toledo Mud Hens : RHP Bobby Mott
Pitching: LHP Ben Saunders
Batting: SHB Mike Williams 0-0: Called Strike
0-1: Called Strike
0-2: Strikes out swinging
Batting: RHB Taisei Fujii 0-0: Called Strike
0-1: Ball
1-1: Ball
2-1: Foul Ball, location: 2F
2-2: Ball
3-2: Foul Ball, location: 2F
3-2: SINGLE (Groundball, 56D, EV 101.2 MPH)
Batting: SHB Bill Ertl 0-0: Ball
1-0: Reached on error, E4 (Groundball, 4, EV 85.0 MPH)
Taisei Fujii to second
Batting: RHB Ken Postlethwaite 0-0: Ball
1-0: Swinging Strike
1-1: Foul Ball, location: 2F
1-2: Ground out 5-3 (Groundball, 5, EV 85.6 MPH)
Taisei Fujii to third
Bill Ertl to second
Batting: RHB Justin Goff 0-0: Ground out 6-3 (Groundball, 56, EV 81.2 MPH)
Bottom of the 9th over - 0 runs, 1 hit, 1 error, 2 left on base; Toledo 4 - Omaha 3
Sunday, July 16th , 2023 - OOTP Baseball 24.6 Build 69